 Dungeon Crawl Stone Soup version 0.24-a0-341-g52ca42d3ec (webtiles) character file.

Game seed: 15569621846704281819

466 mhoghedin the Purveyor of Pain (level 6, -1/41 HPs)
             Began as a Mummy Necromancer on May 20, 2019.
             Was an Initiate of Kikubaaqudgha.
             Killed from afar by an orc wizard (13 damage)
             ... with a puff of flame
             ... on level 4 of the Dungeon.
             The game lasted 00:08:43 (4460 turns).

mhoghedin the Purveyor of Pain (Mummy Necromancer)  Turns: 4460, Time: 00:08:44

Health: -1/41      AC:  3    Str: 11    XL:     6   Next: 81%
Magic:  0/12       EV: 12    Int: 17    God:    Kikubaaqudgha [......]
Gold:   138        SH:  4    Dex: 12    Spells: 4/13 levels left

rFire    x . .     SeeInvis .   l - +1 mace (crush)
rCold    + . .     Gourm    .   (no shield)
rNeg     + + +     Faith    .   a - +0 robe
rPois    ∞         Spirit   .   (no helmet)
rElec    .         Reflect  +   i - +0 cloak
rCorr    .         Harm     .   (no gloves)
MR       .....                  (no boots)
Stlth    +.........             n - +4 amulet of reflection
HPRegen  0.13/turn              b - ring of attention (curse)
MPRegen  0.13/turn              (no ring)

@: no status effects
A: no food or potions, fire vulnerability, cold resistance 1, negative energy
resistance 3, torment resistance, unbreathing
a: Renounce Religion


You were on level 4 of the Dungeon.
You worshipped Kikubaaqudgha.
Kikubaaqudgha was noncommittal.
You were not hungry.

You visited 2 branches of the dungeon, and saw 5 of its levels.

You collected 138 gold pieces.

Inventory:

Hand Weapons
 l - a +1 mace of crushing (weapon)
   (You found it on level 3 of the Dungeon)
Armour
 a - a +0 robe (worn)
 i - a +0 cloak (worn)
   (You found it on level 2 of the Dungeon)
 j - a +0 helmet
   (You took it off Robin on level 3 of the Dungeon)
Jewellery
 b - a cursed ring of attention (left hand)
   (You found it on level 3 of the Dungeon)
 e - an uncursed ring of ice {rC+, rF-}
   (You found it on level 1 of the Dungeon)
 n - a +4 amulet of reflection (around neck)
   (You found it on level 4 of the Dungeon)
Scrolls
 c - 2 scrolls of blinking {unknown}
 d - 2 scrolls of fear
 f - 2 scrolls of teleportation
 g - a scroll of immolation {unknown}
 h - 2 scrolls of remove curse
 k - a scroll of enchant weapon {unknown}
 m - a scroll of magic mapping {unknown}
 o - 5 scrolls of identify
 p - a scroll of amnesia {unknown}


   Skills:
 - Level 1.5 Dodging
 - Level 1.5 Stealth
 - Level 4.2 Spellcasting
 + Level 7.8 Necromancy


You had 4 spell levels left.
You knew the following spells:

 Your Spells              Type           Power        Failure   Level  Hunger
a - Pain                  Necr           ####         1%          1    N/A
b - Animate Dead          Necr           N/A          6%          4    N/A
x - Vampiric Draining     Necr           ####......   1%          3    N/A
A - Animate Skeleton      Necr           N/A          1%          1    N/A

Your spell library contained the following spells:

 Spells                   Type           Power        Failure   Level  Hunger
 Regeneration             Chrm/Necr      Unusable     N/A         3    N/A

Dungeon Overview and Level Annotations

Branches:
Dungeon (4/15)             Temple (1/1) D:4

Altars:
Ashenzari
Cheibriados
Dithmenos
Elyvilon
Fedhas
Hepliaklqana
Kikubaaqudgha
Makhleb
Nemelex Xobeh
Okawaru
Qazlal
Ru
Sif Muna
Trog
Wu Jian
Xom
Yredelemnul
Zin

Annotations:
D:3 Sigmund


Innate Abilities, Weirdness & Mutations

You do not eat or drink.
Your flesh is vulnerable to fire.
You are immune to poison.
Your flesh is cold resistant. (rC+)
You are immune to negative energy. (rN+++)
You are immune to unholy pain and torment.
You can survive without breathing.


Message History

Found a basalt altar of Yredelemnul and a bloodstained altar of Trog.
There is a bloodstained altar of Trog here.
Found a stormy altar of Qazlal.
Found a sparkling altar of Nemelex Xobeh.
Found a burning altar of Makhleb.
There is a sparkling altar of Nemelex Xobeh here.
Found a white marble altar of Elyvilon.
There is a white marble altar of Elyvilon here.
Found an ornate altar of the Wu Jian Council.
Found a snail-covered altar of Cheibriados.
Found a deep blue altar of Sif Muna.
Found a sacrificial altar of Ru.
Found an iron altar of Okawaru.
Found an ancient bone altar of Kikubaaqudgha.
There is a sacrificial altar of Ru here.
Found a shattered altar of Ashenzari.
There is an ancient bone altar of Kikubaaqudgha here.
You kneel at the altar of Kikubaaqudgha.
Kikubaaqudgha welcomes you!
(D) Dungeon (T) Temple
Where to? (Enter - D:2 @ (x,y), ? - help)
There is a staircase back to the Dungeon here.
You climb upwards.
Welcome back to the Dungeon!
There is a staircase to the Ecumenical Temple here.
o - 4 scrolls of identify (gained 3)
You now have 138 gold pieces (gained 13).
o - 5 scrolls of identify (gained 1)
You open the door.
There is an open door here.
An orc comes into view. It is wielding a +0 short sword.
The orc shouts!
You hear a shout!
An ogre comes into view. It is wielding a +0 giant club.
You hear a shout!
Found a stone staircase leading down.
An orc and an orc wizard come into view.
The orc is wielding a +0 whip of electrocution.
The orc wizard shouts!
The orc shouts!
An orc comes into view. It is wielding a +0 mace.
The orc wizard looks braver for a moment.
You see here a ration.
Aim: an orc, wielding a +0 short sword (chance to defeat MR: 93%)
The orc barely resists.
The orc shouts!
The orc wizard looks satisfied for a moment.
You now have 11/12 mp.
Aim: an orc, wielding a +0 short sword (chance to defeat MR: 93%)
The orc writhes in agony.
You now have 10/12 mp.
Aim: an orc, wielding a +0 short sword (lightly wounded, chance to defeat MR: 93%)
The orc writhes in agony.
You now have 9/12 mp.
Aim: an orc, wielding a +0 short sword (almost dead, chance to defeat MR: 93%)
The orc barely resists.
You now have 9/12 mp.
Aim: an orc, wielding a +0 short sword (almost dead, chance to defeat MR: 93%)
The orc writhes in agony!
You kill the orc!
Kikubaaqudgha accepts your kill.
The orc wizard looks encouraged for a moment.
You now have 8/12 mp.
Aim: an ogre, wielding a +0 giant club (chance to defeat MR: 84%)
The ogre writhes in agony.
The orc wizard casts a spell.
The orc wizard seems to speed up.
The ogre hits you with a +0 giant club.
You take 4 damage, and have 37/41 hp.
You now have 7/12 mp.
Aim: an ogre, wielding a +0 giant club (lightly wounded)
You feel life coursing into your body.
The orc wizard casts a cantrip, but nothing happens.
You regained 2 hp, and now have 39/41 hp.
You now have 4/12 mp.
Aim: an ogre, wielding a +0 giant club (moderately wounded, chance to defeat MR: 84%)
The ogre writhes in agony.
The ogre hits you with a +0 giant club!
You take 17 damage, and have 22/41 hp.
MASSIVE DAMAGE!!
You now have 3/12 mp.
Aim: an ogre, wielding a +0 giant club (moderately wounded)
You feel life coursing into your body. The ogre closely misses you.
An orc priest comes into view. It is wielding a +0 club.
You regained 3 hp, and now have 25/41 hp.
You now have 1/12 mp.
Aim: an ogre, wielding a +0 giant club (severely wounded, chance to defeat MR: 84%)
The ogre writhes in agony!
You kill the ogre!
Kikubaaqudgha accepts your kill.
The orc priest mumbles some strange prayers to Beogh against you.
Beogh smites you!
You take 10 damage, and have 15/41 hp.
MASSIVE DAMAGE!!
You now have 0/12 mp.
There is an open door here.
The orc wizard casts a spell at you. The magic dart hits you.
* * * LOW HITPOINT WARNING * * *
You take 3 damage, and have 12/41 hp.
Unknown command.
The orc wizard gestures at you while chanting.
The puff of flame hits you! The fire burns you terribly!
You die...
Kikubaaqudgha rasps: "You have failed me!
Welcome... oblivion!"

#........#.##.#
#...>....#.##.# #####
#........#.##.# #...#
#...........#.# #.⌠.#
####...........#.# .
####...###........(.....#.# .
#............#..........# o.
#.⌠..>..⌠....#..........# ...
#...........@#..........#
o..#####...###...#########.##
..... #.⌠.# #.o.# .#
.....###...###o..####### #
.....%.o...).'..........
..#...########...#######
#....................
#.............#######
#.............#


You could see an orc wizard and an orc.

Vanquished Creatures
  An ogre (D:4)
  A bullfrog skeleton (D:4)
  A hound (D:4)
  A centaur skeleton (D:4)
  Natasha (thrice) (D:3)
  An orc wizard (D:3)
  Robin (D:3)
  6 adders
  An adder skeleton (D:4)
  A worm (D:3)
  3 dart slugs
  5 leopard geckos
  15 orcs
  7 giant cockroaches
  13 hobgoblins
  3 jackals (D:2)
  10 kobolds
  8 bats
  15 goblins
  11 rats
107 creatures vanquished.

Vanquished Creatures (collateral kills)
  A hobgoblin (D:3)
1 creature vanquished.

Vanquished Creatures (others)
  A worker ant (D:4)
  A worm (D:4)
  A leopard gecko (D:4)
  A jackal (D:4)
4 creatures vanquished.

Grand Total: 112 creatures vanquished

Notes
Turn   | Place    | Note
-------+----------+-------------------------------------------
     0 | D:1      | mhoghedin the Mummy Necromancer began the quest for the
                  | Orb.
     0 | D:1      | Reached XP level 1. HP: 13/13 MP: 4/4
    31 | D:1      | Reached skill level 3 in Spellcasting
   144 | D:1      | Reached XP level 2. HP: 19/19 MP: 3/6
   913 | D:2      | Reached XP level 3. HP: 24/24 MP: 6/8
   984 | D:2      | Learned a level 1 spell: Animate Skeleton
   988 | D:2      | Learned a level 3 spell: Vampiric Draining
  1086 | D:2      | Reached skill level 4 in Spellcasting
  1441 | D:2      | Reached XP level 4. HP: 30/30 MP: 3/10
  1693 | D:2      | Reached skill level 5 in Necromancy
  1974 | D:2      | Learned a level 4 spell: Animate Dead
  2332 | D:3      | Noticed Natasha
  2342 | D:3      | Reached XP level 5. HP: 27/35 MP: 0/11
  2480 | D:3      | Killed Natasha
  2480 | D:3      | Reached skill level 6 in Necromancy
  2888 | D:3      | Found a sacrificial altar of Ru.
  3026 | D:3      | Noticed Robin
  3038 | D:3      | Killed Robin
  3160 | D:3      | Noticed Natasha
  3165 | D:3      | Killed Natasha
  3165 | D:3      | Reached XP level 6. HP: 15/41 MP: 3/12
  3490 | D:3      | Noticed Sigmund
  3543 | D:3      | Noticed Natasha
  3830 | D:3      | Killed Natasha
  3960 | D:4      | Reached skill level 7 in Necromancy
  4300 | D:4      | Found a staircase to the Ecumenical Temple.
  4310 | Temple   | Entered the Ecumenical Temple
  4396 | Temple   | Became a worshipper of Kikubaaqudgha
  4460 | D:4      | Killed from afar by an orc wizard

Levels and vault maps discovered:
D:1:      minmay_arrival_jagged, layout_basic
D:2:      layout_loops_cross, minmay_misc_feat_enclosed
D:3:      layout_basic, nicolae_ru_awakened_eye, uniq_natasha, uniq_robin,
          uniq_sigmund
D:4:      layout_basic, minmay_temple_entry_junction, xom_confusion_cloud
Temple:   regret_index_temple_chain_breaker

Skill      XL: |  1  2  3  4  5  6 |
---------------+-------------------+-----
Spellcasting   | 3 4 |  4.2
Necromancy     | 5 6 7 |  7.8
Dodging        | |  1.5
Stealth        | |  1.5

Action                   |  1- 3 |  4- 6 || total
-------------------------+-------+-------++-------
Melee: Club              |     2 |     2 ||     4
       Mace              |       |    16 ||    16
 Cast: Pain              |    78 |   172 ||   250
       Animate Skeleton  |     1 |       ||     1
       Animate Dead      |       |     8 ||     8
       Vampiric Draining |       |     2 ||     2
  Use: Scroll            |       |     5 ||     5
Armor: Robe              |     7 |    14 ||    21
Dodge: Dodged            |    22 |    57 ||    79
Block: Other             |       |     2 ||     2

Table legend:
 A = Non-vault XP
 B = Vault XP
 C = Vault XP percentage of total XP
 D = Non-vault monster count
 E = Vault monster count
 F = Vault count percentage of total count
                 A         B        C        D         E       F
            +---------+---------+-------+---------+---------+-------
      Total |     595 |      72 |  10.8 |      95 |      13 |  12.0
            +---------+---------+-------+---------+---------+-------
        D:1 |      39 |       0 |   0.0 |      20 |       0 |   0.0
        D:2 |     110 |       0 |   0.0 |      30 |       0 |   0.0
        D:3 |     207 |      72 |  25.8 |      39 |      13 |  25.0
        D:4 |     239 |       0 |   0.0 |       6 |       0 |   0.0
            +---------+---------+-------+---------+---------+-------

Levels and vault maps discovered:
D:1:      minmay_arrival_jagged, layout_basic
D:2:      layout_loops_cross, minmay_misc_feat_enclosed
D:3:      layout_basic, nicolae_ru_awakened_eye, uniq_natasha, uniq_robin,
          uniq_sigmund
D:4:      layout_basic, minmay_temple_entry_junction, xom_confusion_cloud
Temple:   regret_index_temple_chain_breaker

Table legend:
 A = Turns spent in this place as a percentage of turns spent in the entire game.
 B = Non-inter-level travel turns spent in this place as a percentage of non-inter-level travel turns spent in the entire game.
 C = Inter-level travel turns spent in this place as a percentage of turns spent in this place.
 D = Turns resting spent in this place as a percentage of non-inter-level travel turns spent in this place.
 E = Turns spent auto-exploring this place as a percentage of non-inter-level travel turns spent in this place.
 F = Non-inter-level travel turns spent in this place divided by the number of levels of this place that you've seen.
                   A       B       C       D       E      F
               +-------+-------+-------+-------+-------+----------------------
         Total | 100.0 | 100.0 |   2.0 |  43.6 |  36.7 | 874.0
       Dungeon |  97.8 |  98.0 |   1.9 |  44.5 |  35.6 | 1070.8
        Temple |   2.2 |   2.0 |   9.4 |   0.0 |  90.8 |  87.0
               +-------+-------+-------+-------+-------+----------------------

Table legend:
 A = Kills in this place as a percentage of kills in entire the game.
 B = Kills by you in this place as a percentage of kills by you in the entire game.
 C = Kills by friends in this place as a percentage of kills by friends in the entire game.
 D = Other kills in this place as a percentage of other kills in the entire game.
 E = Experience gained in this place as a percentage of experience gained in the entire game.
 F = Experience gained in this place divided by the number of levels of this place that you have seen.
                   A       B       C       D       E      F
               +-------+-------+-------+-------+-------+----------------------
         Total | 100.0 | 100.0 | 100.0 |   N/A | 100.0 | 133.4
       Dungeon | 100.0 | 100.0 | 100.0 |   N/A | 100.0 | 166.8
               +-------+-------+-------+-------+-------+----------------------
